 Dungeon Crawl Stone Soup version 0.24.0-123-gd5b16e6ec5 (webtiles) character file.

Game seed: 11036572678201152322, levelgen mode: deterministic

309 Goreval the Slasher (level 6, -3/50 HPs)
             Began as a Barachi Fighter on Feb 4, 2020.
             Slain by an ogre
             ... wielding a +0 giant club
              (5 damage)
             ... on level 3 of the Dungeon.
             The game lasted 00:08:03 (3918 turns).

Goreval the Slasher (Barachi Fighter)               Turns: 3918, Time: 00:08:04

Health: -3/50      AC: 14    Str: 23    XL:     6   Next: 41%
Magic:  6/6        EV:  6    Int:  9    God:
Gold:   155        SH: 10    Dex: 12    Spells: 5/5 levels left

rFire    . . .     SeeInvis .   a - +0 long sword
rCold    . . .     Gourm    .   c - +0 shield
rNeg     . . .     Faith    .   e - +0 chain mail
rPois    +         Spirit   .   (no helmet)
rElec    .         Reflect  .   r - +0 cloak
rCorr    .         Harm     .   (no gloves)
MR       .....                  p - +2 pair of boots
Stlth    ..........             (no amulet)
HPRegen  0.16/turn              i - ring of poison resistance
MPRegen  0.10/turn              (no ring)

@: mighty, can't hop, slow
A: +LOS, swims, slowness 1, strong legs 1
a: Hop


You were on level 3 of the Dungeon.
You were not hungry.

You visited 1 branch of the dungeon, and saw 4 of its levels.

You collected 155 gold pieces.

Inventory:

Hand Weapons
 a - a +0 long sword (weapon)
Missiles
 j - 43 stones (quivered)
Armour
 c - a +0 shield (worn)
 e - a +0 chain mail (worn)
 p - a +2 pair of boots (worn)
 r - a +0 cloak (worn)
Jewellery
 i - a ring of poison resistance (left hand)
Wands
 t - a wand of polymorph (11)
Scrolls
 b - 4 scrolls of teleportation {unknown}
 g - a scroll of immolation {unknown}
 h - 8 scrolls of identify {unknown}
 k - a scroll of blinking {unknown}
 m - a scroll of random uselessness {unknown}
 o - a scroll of remove curse {unknown}
 q - a scroll of fear {unknown}
Potions
 l - 2 potions of curing {unknown}
 n - 2 potions of brilliance {unknown}
Comestibles
 f - 5 rations


   Skills:
 + Level 4.9 Fighting
 * Level 5.3 Long Blades
 + Level 4.8 Armour
 + Level 4.5 Shields


You had 5 spell levels left.
You didn't know any spells.
Your spell library was empty.

Dungeon Overview and Level Annotations

Branches:
Dungeon (4/15)             Temple (0/1) D:4

Altars:
Dithmenos
Gozag
Kikubaaqudgha
Makhleb

Annotations:
D:3 3 runed translucent doors, Xerdoz's ghost, amateur OpTm


Innate Abilities, Weirdness & Mutations

Shadows flee at your approach. (+LOS)
You can swim through water.
You cover ground slowly.
You can hop short distances.


Message History

There is a stone staircase leading up here.
Unknown command.
The ogre barely misses you.
The orc priest mumbles some strange prayers to Beogh against you.
Beogh smites you!
You climb upwards.
Level annotation: 3 runed translucent doors, Xerdoz's ghost, amateur OpTm
There is a stone staircase leading down here.
You hit the ogre. The ogre hits you with a +0 giant club!
Your shield and chain mail prevent you from hitting the ogre.
The ogre hits you with a +0 giant club!
Hop to where?
Boing!
You feel very mighty all of a sudden.
You hit the ogre. The ogre hits you but does no damage.
You slash the ogre! The ogre barely misses you.
You riposte.
You hit the ogre. You hit the ogre. The ogre hits you with a +0 giant club!
* * * LOW HITPOINT WARNING * * *
You hit the ogre. The ogre hits you with a +0 giant club.
You die...

...# ##.##..###.### ...#
######..#..##....# ...#
#...###.#...<..#.###########
...###...###...####...÷.........#
.#...........[..................#
.#####...####.[#####............#
..............>[..............÷.#
######.....####O####............#
# #..........@# #............# #
#...........# #............# #
###########.# #............# #
#.# #............# #.#
#............# ### #.#
#.[..........# ..#
#.################ #.# #.......#
#.####################.#


You could see an ogre.

Vanquished Creatures
  A hound (D:3)
  An orc wizard (D:3)
  2 worker ants (D:3)
  8 gnolls (D:2)
  5 adders
  An ooze (D:1)
  A worm (D:2)
  3 dart slugs
  A leopard gecko (D:3)
  3 orcs (D:3)
  A giant cockroach (D:2)
  7 goblins
  6 hobgoblins
  5 jackals
  A quokka (D:3)
  A ball python (D:1)
  3 bats
  6 frilled lizards
  11 kobolds
  7 rats
74 creatures vanquished.

Notes
Turn   | Place    | Note
-------+----------+-------------------------------------------
     0 | D:1      | Goreval the Barachi Fighter began the quest for the Orb.
     0 | D:1      | Reached XP level 1. HP: 18/18 MP: 1/1
   167 | D:1      | Reached XP level 2. HP: 24/25 MP: 2/2
   289 | D:1      | Reached skill level 3 in Long Blades
   674 | D:1      | Reached XP level 3. HP: 29/30 MP: 3/3
  1192 | D:2      | Reached XP level 4. HP: 36/37 MP: 4/4
  1478 | D:2      | Found an ancient bone altar of Kikubaaqudgha.
  1535 | D:2      | Reached skill level 4 in Long Blades
  2111 | D:2      | Reached XP level 5. HP: 43/43 MP: 5/5
  2740 | D:3      | Found a burning altar of Makhleb.
  3163 | D:3      | Found a shadowy altar of Dithmenos.
  3236 | D:3      | Reached XP level 6. HP: 47/49 MP: 6/6
  3242 | D:3      | Reached skill level 5 in Long Blades
  3259 | D:3      | Found a runed translucent gate.
  3259 | D:3      | Found a runed translucent gate.
  3259 | D:3      | Found a runed translucent gate.
  3260 | D:3      | Found an opulent altar of Gozag.
  3261 | D:3      | Noticed Xerdoz's ghost (amateur OpTm)
  3529 | D:4      | Found a staircase to the Ecumenical Temple.
  3917 | D:3      | HP: 2/50 [ogre/+0 giant club (17)]
  3918 | D:3      | Slain by an ogre

Levels and vault maps discovered:
D:1:      minmay_arrival_shoal_huts, layout_basic, minmay_misc_feat_room
D:2:      layout_loops_corners, kiku_gazebo_pond_becter
D:3:      layout_basic, makhleb_heckhound_becter, grunt_dithmenos_smoke,
          first_ration, ebering_ghost_gozag
D:4:      layout_basic, vehumet_altar_wand_db, grunt_temple_overflow_diamond,
          grunt_temple_overflow_open, nicolae_overflow_hidden_temple,
          temple_fountains, nicolae_ru_great_annihilating_truth, uniq_duvessa

Skill      XL: |  1  2  3  4  5  6 |
---------------+-------------------+-----
Long Blades    | 3 4 5 |  5.3
Fighting       | 4 |  4.9
Armour         | 4 |  4.8
Shields        | 4 |  4.5

Action                   |  1- 3 |  4- 6 || total
-------------------------+-------+-------++-------
Melee: Long sword        |   124 |   196 ||   320
Throw: Stone             |     3 |    12 ||    15
 Abil: Hop               |       |     2 ||     2
  Use: Potion            |       |     1 ||     1
  Eat: Chunk             |     1 |    10 ||    11
Armor: Chain mail        |    92 |   115 ||   207
       Scale mail        |     1 |       ||     1
Dodge: Dodged            |    28 |    54 ||    82
Block: Shield            |    71 |   106 ||   177
       Rpst.: Long sword |     4 |    20 ||    24
